 Dungeon Crawl Stone Soup version 0.16-a0-3641-g71d4c1b (webtiles) character file.

55 FruitAndGarbage the Charlatan (level 4, -2/26 HPs)
             Began as a Kobold Artificer on Aug 25, 2015.
             Slain by Sigmund
             ... wielding a +0 scythe
              (4 damage)
             ... on level 2 of the Dungeon.
             The game lasted 00:03:01 (895 turns).

FruitAndGarbage the Charlatan (Kobold Artificer)     Turns: 895, Time: 00:03:01

Health: -2/26      AC:  4    Str:  9    XL:     4   Next: 14%
Magic:  6/6        EV: 15    Int: 10    God:
Gold:   52         SH:  0    Dex: 17    Spells: 0 memorised, 3 levels left

rFire  . . .     SeeInvis .     g - +2 short sword (drain)
rCold  . . .     Clarity  .     e - +0 leather armour
rNeg   . . .     SustAb   .     (no shield)
rPois  .         Gourm    .     n - +0 helmet
rElec  .         Spirit   .     (no cloak)
rCorr  .         Warding  .     (no gloves)
rMut   .         Stasis   .     (no boots)
MR     .....                    (no amulet)
Stlth  ++........               (no ring)
                                (no ring)

@: not resistant to hostile enchantments, unstealthy
A: carnivore 3
a: no special abilities


You were on level 2 of the Dungeon.
You were very full.

You visited 1 branch of the dungeon, and saw 2 of its levels.

You collected 52 gold pieces.

Inventory:

Hand weapons
 a - a +0 short sword
 g - a +2 short sword of draining (weapon)
 l - a +2 antimagic dagger
Armour
 e - a +0 leather armour (worn)
 n - a +0 helmet (worn)
Magical devices
 b - a wand of flame (15)
 c - a wand of enslavement (15)
 d - a wand of random effects (15)
Scrolls
 h - a scroll of noise {unknown}
 j - 2 scrolls of teleportation {unknown}
 k - a scroll of immolation {unknown}
 m - 3 scrolls of identify {unknown}
 p - a scroll of magic mapping {unknown}
Comestibles
 f - 3 meat rations
 i - 2 chunks of flesh
 o - a royal jelly


   Skills:
 * Level 1.9 Fighting
 - Level 1.3 Short Blades
 * Level 1.0 Armour
 * Level 3.5 Dodging
 + Level 1.5 Stealth
 + Level 4.3 Evocations


You had 3 spell levels left.
You didn't know any spells.

Dungeon Overview and Level Annotations

Branches:
Dungeon (2/15)

Altars:

Annotations:
D:2 Sigmund


Innate Abilities, Weirdness & Mutations

You are small and have problems with some larger weapons.
You are carnivorous and can eat meat at any time.


Message History

Sigmund casts a spell.
Sigmund flickers and vanishes!
Deactivating autopickup; reactivate with Ctrl-A.
The rat barely misses you.
You closely miss something. Something barely misses you. The rat bites you.
You closely miss something. The rat bites you but does no damage.
Something hits you!
Ouch! That really hurt!
You hit something. The rat bites you but does no damage.
You closely miss something. Something hits you.
* * * LOW HITPOINT WARNING * * *
The adder barely misses you. The rat bites you.
* * * LOW HITPOINT WARNING * * *
You closely miss something. The adder misses you. The rat misses you.
Something hits you but does no damage. The adder bites you but does no damage.
You aren't carrying any potions.
You hit something but do no damage. The rat bites you but does no damage.
The adder misses you.
You hit something. Something hits you.
You die...

..# ##.......# #. #.....#### #..
# #.....# .##..#### .# #.....#
.......##.# #.....# #........#
#.....# #..#.....# ###.###
####..S{r...# #.# #####......@#
#.#####.###### ######...#.##.#..#
#.............
#........#.##..#.###.#####.###.#.
#.####...#.####......# #.#.....
.....##.##.#####.#.### #.......
####.#.............# #.#...#.
####......##.###...# #.......
#.........##.# #...##### ###....#
#.##......##.# #.(.#...## #.#...


You could see an adder and a rat.

Vanquished Creatures
  2 adders (D:2)
  A giant gecko (D:2)
  A ball python (D:2)
  2 giant cockroaches (D:1)
  4 goblins (D:1)
  6 hobgoblins
  4 jackals (D:1)
  A quokka (D:2)
  3 bats
  2 giant newts
  6 kobolds (D:1)
  A rat (D:1)
33 creatures vanquished.

Notes
Turn   | Place    | Note
--------------------------------------------------------------
     0 | D:1      | FruitAndGarbage, the Kobold Artificer, began the quest for the Orb.
     0 | D:1      | Reached XP level 1. HP: 12/12 MP: 1/1
    39 | D:1      | Reached XP level 2. HP: 12/16 MP: 3/3
   172 | D:1      | Reached skill level 4 in Evocations
   387 | D:1      | Reached XP level 3. HP: 18/20 MP: 5/5
   773 | D:2      | Reached XP level 4. HP: 14/26 MP: 6/6
   864 | D:2      | Reached skill level 1 in Armour
   884 | D:2      | Noticed Sigmund
   895 | D:2      | Slain by Sigmund

Action                   |  1- 3 |  4- 6 || total
-------------------------+-------+-------++-------
Melee: Short sword       |    85 |    24 ||   109
  Use: Potion            |       |     2 ||     2
  Eat: Chunk             |     7 |     1 ||     8
